 Dungeon Crawl Stone Soup version 0.17.0-23-g0de4337 (webtiles) character file.

114 JudasIscariot the Ruffian (level 4, 0/44 HPs)
             Began as a Troll Monk on Nov 14, 2015.
             Slain by an adder (2 damage)
             ... on level 3 of the Dungeon.
             The game lasted 00:03:44 (1326 turns).

JudasIscariot the Ruffian (Troll Monk)              Turns: 1326, Time: 00:03:44

Health: 0/44       AC:  5    Str: 19    XL:     4   Next: 66%
Magic:  3/3        EV: 11    Int:  6    God:    Xom [...*..]
Gold:   79         SH:  0    Dex: 13    Spells: 0 memorised, 3 levels left

rFire  . . .     SeeInvis .       - Unarmed
rCold  . . .     Clarity  .     a - +0 robe
rNeg   . . .     SustAt   .     (no shield)
rPois  .         Gourm    +     (helmet restricted)
rElec  .         Spirit   .     (no cloak)
rCorr  .         Warding  .     (gloves unavailable)
rMut   .         Stasis   .     (boots unavailable)
MR     .....                    (no amulet)
Stlth  ++........               (no ring)
                                (no ring)

@: lethally poisoned (0 -> -1), flying (expiring), not resistant to hostile
enchantments, unstealthy
A: unfitting armour, claws 3, fast metabolism 3, gourmand, regeneration 2,
shaggy fur 1, tough skin 2
a: Renounce Religion


You were on level 3 of the Dungeon.
You worshipped Xom.
You were a favourite toy of Xom.
You were very full.

You visited 1 branch of the dungeon, and saw 3 of its levels.

You collected 79 gold pieces.

Inventory:

Armour
 a - a +0 robe (worn)
Scrolls
 d - a scroll of teleportation {unknown}
 e - 3 scrolls of identify {unknown}
 f - a scroll of remove curse {unknown}
Potions
 c - a potion of flight
Comestibles
 b - 3 bread rations
 g - a royal jelly


   Skills:
 * Level 2.8 Fighting
 * Level 3.4 Dodging
 + Level 1.2 Stealth
 * Level 4.9 Unarmed Combat


You had 3 spell levels left.
You didn't know any spells.

Dungeon Overview and Level Annotations

Branches:
Dungeon (3/15)

Altars:
Fedhas
Nemelex Xobeh
Xom


Innate Abilities, Weirdness & Mutations

You are too large for most types of armour.
You have claws for hands.
Your metabolism is lightning-fast.
You like to eat raw meat.
You heal very quickly.
You are covered in fur (AC +1).
You have very tough skin (AC +2).


Message History

The bat barely misses the worker ant.
The bat hits the adder.
The bat barely misses the worker ant.
You claw the hobgoblin!
You kill the hobgoblin!
The adder seems less confused.
You are starting to lose your buoyancy.
Something hits the orc.
You're too confused to move!
You feel sick. The adder closely misses you.
The worker ant seems to be having trouble coordinating all six of its legs.
The adder bites you.
* * * LOW HITPOINT WARNING * * *
The orc shouts!
Something barely misses the orc. x2
You feel less confused. The adder bites you.
* * * LOW HITPOINT WARNING * * *
You scratch the adder.
The adder is lightly wounded.
The adder bites you.
You die...

#..###.#
##.....#
####oo# #.##
#o.####
###.a...#
#######$?.###.#
#.....†..## #
........S@#
#.........#
#########.#
#... #####


You could see an adder.

Vanquished Creatures
  An orc priest (D:3)
  2 adders (D:2)
  A worm (D:2)
  2 giant geckos
  3 orcs (D:3)
  A ball python (D:1)
  A giant cockroach (D:1)
  5 goblins
  3 hobgoblins
  9 jackals
  8 kobolds
  A quokka (D:2)
  4 bats
  4 giant newts
  7 rats
52 creatures vanquished.

Notes
Turn   | Place    | Note
--------------------------------------------------------------
     0 | D:1      | JudasIscariot the Troll Monk began the quest for the Orb.
     0 | D:1      | Reached XP level 1. HP: 22/22 MP: 0/0
    51 | D:1      | Reached XP level 2. HP: 26/29 MP: 1/1
   361 | D:1      | Reached XP level 3. HP: 36/36 MP: 2/2
   789 | D:2      | Found a faded altar to an unknown god.
   821 | D:2      | Became a worshipper of Xom of Many Doors
   907 | D:2      | Reached XP level 4. HP: 41/44 MP: 3/3
   993 | D:2      | XOM: silly message
  1072 | D:2      | XOM: harmless Ice miscast
  1084 | D:2      | Found a blossoming altar of Fedhas.
  1183 | D:2      | Found a sparkling altar of Nemelex Xobeh.
  1208 | D:2      | XOM: harmless Pois miscast
  1304 | D:3      | XOM: butterfly on damage
  1307 | D:3      | HP: 2/44 [bat (1)]
  1312 | D:3      | HP: 2/44 [poisoned by a worker ant]
  1319 | D:3      | XOM is BORED!
  1319 | D:3      | XOM: confusion (+ monsters)
  1323 | D:3      | HP: 2/44 [adder (2)]
  1326 | D:3      | Slain by an adder

Action                   |  1- 3 |  4- 6 || total
-------------------------+-------+-------++-------
Melee: Unarmed           |   102 |    19 ||   121
  Use: Potion            |       |     1 ||     1
 Stab: Sleeping          |     1 |     1 ||     2
       Distracted        |     1 |       ||     1
  Eat: Chunk             |    14 |     2 ||    16
